 Dungeon Crawl Stone Soup version 0.17.1-1-g73c8601 (webtiles) character file.

2394 Flanowski the Fighter (level 9, -11/82 HPs)
             Began as a Minotaur Fighter on Jan 4, 2016.
             Was a Follower of Makhleb.
             Mangled by a lorocyproca (15 damage)
             ... on level 1 of the Abyss.
             The game lasted 00:12:48 (6253 turns).

Flanowski the Fighter (Minotaur Fighter)            Turns: 6253, Time: 00:12:48

Health: -11/82     AC:  7    Str: 23    XL:     9   Next: 22%
Magic:  0/8        EV: 12    Int:  5    God:    Makhleb [*.....]
Gold:   433        SH: 11    Dex: 11    Spells: 0 memorised, 8 levels left

rFire  + . .     SeeInvis .     t - +10 rapier of Distraction {pierce, rElec rF+}
rCold  + . .     Clarity  .     q - +0 ring mail
rNeg   . . .     SustAt   .     c - +0 shield
rPois  .         Gourm    .     (helmet restricted)
rElec  +         Spirit   .     (no cloak)
rCorr  .         Warding  .     (no gloves)
rMut   .         Stasis   +     p - +0 pair of boots
MR     .....                    f - amulet of stasis
Stlth  +.........               j - ring of protection from cold
                                D - ring of flight

@: not resistant to hostile enchantments, very unstealthy
A: retaliatory headbutt, horns 2
a: Renounce Religion, Evoke Flight


You were on level 1 of the Abyss.
You worshipped Makhleb.
Makhleb was aware of your devotion.
You were not hungry.

You visited 1 branch of the dungeon, and saw 8 of its levels.
You visited the Abyss 1 time.

You collected 433 gold pieces.

Inventory:

Hand Weapons
 a - a +0 war axe
 d - the +3 executioner's axe "Maxemn" {flame, rPois rN+}
   (You acquired it on level 7 of the Dungeon)

   It has been specially enchanted to burn those struck by it, causing extra
   injury to most foes and up to half again as much damage against particularly
   susceptible opponents.
   Big, fiery blades are also staple armaments of hydra-hunters.
   It protects you from poison.
   It protects you from negative energy.
 t - the +10 rapier of Distraction (weapon) {pierce, rElec rF+}
   (You acquired it on level 7 of the Dungeon)

   It inflicts extra damage upon your enemies.
   It protects you from fire.
   It insulates you from electricity.
 u - a +3 hand axe
Armour
 b - a +0 scale mail
 c - a +0 shield (worn)
 p - a +0 pair of boots (worn)
 q - a +0 ring mail (worn)
Jewellery
 f - an amulet of stasis (around neck)
 g - an uncursed ring of magical power
 j - a ring of protection from cold (right hand)
 D - a ring of flight (left hand)
 E - a +4 ring of dexterity {unknown}
Scrolls
 i - 5 scrolls of identify
 v - 3 scrolls of remove curse
 C - 2 scrolls of noise
Potions
 h - a potion of degeneration
 o - a potion of haste
 s - 3 potions of curing
 w - a potion of ambrosia
 x - a potion of heal wounds {unknown}
 z - a potion of agility
 B - a potion of resistance
Books
 y - a book of Summonings

   Spells                             Type                      Level
   a - Recall                         Summoning/Translocation      3
   b - Aura of Abjuration             Summoning                    5
   c - Shadow Creatures               Summoning                    5
   d - Summon Demon                   Summoning                    5
   e - Summon Forest                  Summoning/Translocation      5
   f - Summon Mana Viper              Hexes/Summoning              5
Comestibles
 e - 6 bread rations
 k - 4 meat rations
 l - a royal jelly
 n - 3 beef jerkies
 r - 2 fruits


   Skills:
 * Level 8.5 Fighting
 + Level 7.1 Axes
 + Level 6.4 Armour
 + Level 5.9 Dodging
 + Level 0.3 Stealth
 + Level 7.6 Shields


You had 8 spell levels left.
You didn't know any spells.

Dungeon Overview and Level Annotations

Branches:
Dungeon (8/15)             Temple (0/1) D:5
   Lair: D:8-11

Altars:
Dithmenos
Elyvilon
Kikubaaqudgha
Makhleb
Nemelex Xobeh
Qazlal
Sif Muna
Trog
Xom
Yredelemnul
Zin
The Shining One

Annotations:
D:8 Erolcha


Innate Abilities, Weirdness & Mutations

You reflexively headbutt those who attack you in melee.
You have a pair of horns on your head.


Message History

The tentacle pulls you backwards! The smoke demon gestures at you.
Something smites you!
Tentacles burst from the starspawn's body!
The starspawn tentacle grabs you. The starspawn tentacle constricts you.
You escape the starspawn tentacle's grasp.
A small abomination comes into view.
An efreet comes into view. It is wielding a scimitar of flaming.
You barely miss the small abomination.
You block the starspawn tentacle's attack.
Something hits you!
* * * LOW HITPOINT WARNING * * *
You feel your power leaking away. The small abomination hits you!
* * * LOW HITPOINT WARNING * * *
You puncture the small abomination!
The small abomination is heavily damaged.
The starspawn tentacle closely misses you.
Something hits you!
You die...

.. ..# .
#..# . #.
.####### #
###.#.# ..
#.
#....#....
#.##w..#.#.
.
#x@.Xw###.#.
#...###...##
# #.§R.
###3.....
§§.. ##.#..#
... ##### #.
# .


You could see a tentacled starspawn, a smoke demon, an efreet, a small
abomination and 2 starspawn tentacles.

Vanquished Creatures
  A troll (D:7)
  A hippogriff (D:7)
  Menkaure (D:7)
  An ice beast (D:6)
  An ogre (D:5)
  The ghost of Flanowski the Covered, an amateur MiFi (D:3)
  3 centaurs (D:5)
  3 giant frogs
  A big kobold (D:7)
  2 scorpions
  4 killer bees (D:7)
  A crimson imp (D:4)
  4 orc wizards
  A centaur skeleton (D:4)
  2 jellies (D:6)
  2 giant frog skeletons
  6 worker ants
  3 hounds
  An iguana (D:5)
  An orc priest (D:7)
  A hound skeleton (D:7)
  2 worker ant zombies
  4 gnolls (D:3)
  12 adders
  A shadow imp (D:5)
  2 oozes
  An adder skeleton (D:4)
  2 worms
  3 giant geckos
  20 orcs
  A ball python (D:1)
  10 bats
  9 giant cockroaches
  12 hobgoblins
  12 kobolds
  6 quokkas
  2 giant newts
  6 goblins
  6 rats
  3 fungi (D:5)
155 creatures vanquished.

Vanquished Creatures (others)
  20 starspawn tentacles (Abyss:1)
  558 starspawn tentacle segments (Abyss:1)
578 creatures vanquished.

Grand Total: 733 creatures vanquished

Notes
Turn   | Place    | Note
--------------------------------------------------------------
     0 | D:1      | Flanowski the Minotaur Fighter began the quest for the Orb.
     0 | D:1      | Reached XP level 1. HP: 19/19 MP: 0/0
   169 | D:1      | Reached XP level 2. HP: 24/27 MP: 1/1
   318 | D:1      | Reached skill level 4 in Fighting
   713 | D:1      | Reached XP level 3. HP: 33/33 MP: 2/2
  1106 | D:2      | Reached XP level 4. HP: 35/40 MP: 3/3
  1312 | D:2      | Found an ancient bone altar of Kikubaaqudgha.
  1330 | D:2      | Reached skill level 1 in Dodging
  1586 | D:3      | Found a glowing golden altar of the Shining One.
  1616 | D:3      | Noticed an air elemental
  1619 | D:3      | Found a stormy altar of Qazlal.
  1620 | D:3      | Noticed a fire elemental
  1620 | D:3      | Noticed a water elemental
  1648 | D:3      | Found a basalt altar of Yredelemnul.
  1707 | D:3      | Reached XP level 5. HP: 47/47 MP: 4/4
  1777 | D:3      | Noticed a giant frog
  1778 | D:3      | Noticed Flanowski's ghost (amateur MiFi)
  1779 | D:3      | Reached skill level 5 in Shields
  1781 | D:3      | Killed a giant frog
  1781 | D:3      | Reached skill level 5 in Fighting
  1797 | D:3      | Killed Flanowski's ghost
  1797 | D:3      | Reached XP level 6. HP: 19/56 MP: 5/5
  2616 | D:4      | Found a shimmering altar of Xom.
  2617 | D:4      | Found a burning altar of Makhleb.
  2629 | D:4      | Reached XP level 7. HP: 52/62 MP: 6/6
  2638 | D:4      | Became a worshipper of Makhleb the Destroyer
  2673 | D:4      | Found a white marble altar of Elyvilon.
  2695 | D:4      | Found a shadowy altar of Dithmenos.
  2714 | D:4      | Reached skill level 5 in Armour
  2788 | D:5      | Entered Level 5 of the Dungeon
  2845 | D:5      | Reached skill level 6 in Fighting
  2890 | D:5      | Reached skill level 5 in Axes
  2950 | D:5      | Found a burning altar of Makhleb.
  3052 | D:5      | Found a sparkling altar of Nemelex Xobeh.
  3193 | D:5      | Found a glowing silver altar of Zin.
  3491 | D:5      | Reached XP level 8. HP: 57/71 MP: 7/7
  3794 | D:5      | Found a staircase to the Ecumenical Temple.
  4198 | D:6      | Reached * piety under Makhleb
  4198 | D:6      | Reached skill level 7 in Fighting
  4425 | D:6      | Found a deep blue altar of Sif Muna.
  4882 | D:6      | Found a bloodstained altar of Trog.
  5194 | D:7      | Reached skill level 5 in Dodging
  5443 | D:7      | Reached XP level 9. HP: 66/81 MP: 8/8
  5473 | D:7      | Noticed a troll
  5482 | D:7      | Killed a troll
  5482 | D:7      | Reached skill level 8 in Fighting
  5488 | D:7      | Noticed Menkaure
  5509 | D:7      | Identified 3 scrolls of acquirement
  5522 | D:7      | Killed Menkaure
  5799 | D:7      | Got an iridescent executioner's axe
  5806 | D:7      | Identified the +3 executioner's axe "Maxemn" {flame, rPois rN+} (You acquired it on level 7 of the Dungeon)
  5811 | D:7      | Got a transparent rapier
  5812 | D:7      | Identified the +10 rapier of Distraction {pierce, rElec rF+} (You acquired it on level 7 of the Dungeon)
  6128 | D:8      | Noticed Erolcha
  6135 | D:8      | Cast into the Abyss (Erolcha)
  6152 | Abyss:1  | Noticed a tentacled starspawn
  6214 | Abyss:1  | Noticed a smoke demon
  6251 | Abyss:1  | Noticed an efreet
  6252 | Abyss:1  | HP: 4/82 [small abomination (13)]
  6253 | Abyss:1  | Mangled by a lorocyproca

Action                   |  1- 3 |  4- 6 |  7- 9 || total
-------------------------+-------+-------+-------++-------
Melee: War axe           |    79 |    81 |       ||   160
       Hand axe          |       |    55 |   222 ||   277
       Rapier            |       |       |    12 ||    12
  Use: Potion            |       |     1 |     7 ||     8
       Scroll            |       |     2 |     8 ||    10
  Eat: Chunk             |     1 |     4 |     8 ||    13
       Bread ration      |       |       |     1 ||     1
